[Event "FICS rated blitz game"]
[Site "FICS freechess.org"]
[FICSGamesDBGameNo "20001321"]
[White "NAVARRINA"]
[Black "trick"]
[WhiteElo "1550"]
[BlackElo "1466"]
[WhiteRD "na"]
[BlackRD "na"]
[TimeControl "180+0"]
[Date "1999.08.13"]
[Time "21:56:00"]
[WhiteClock "0:03:00.000"]
[BlackClock "0:03:00.000"]
[ECO "C46"]
[PlyCount "164"]
[Result "1/2-1/2"]

1. e4 e5 2. Nf3 Nc6 3. Nc3 d6 4. Be2 Bg4 5. h3 Bxf3 6. Bxf3 Qf6 7. O-O Nd4 8. Be2 Be7 9. Nd5 Qg6 10. Nxc7+ Kd7 11. Nxa8 Qxe4 12. Bf3 Nxf3+ 13. Qxf3 Qxf3 14. gxf3 Nf6 15. Nb6+ axb6 16. d3 Nd5 17. Be3 Rc8 18. c4 Nxe3 19. fxe3 Bg5 20. Kf2 b5 21. b3 bxc4 22. bxc4 Ke6 23. Rab1 Rc7 24. a4 d5 25. Rg1 f6 26. cxd5+ Kxd5 27. Rb5+ Ke6 28. a5 Bh4+ 29. Ke2 Bg5 30. Rd1 Rc2+ 31. Rd2 Rc7 32. Rb6+ Kd7 33. a6 bxa6 34. Rxa6 g6 35. Ra4 Rc1 36. h4 Bh6 37. Ra7+ Rc7 38. Rxc7+ Kxc7 39. Ra2 Kb7 40. Rc2 Bf8 41. Rc4 Bd6 42. d4 exd4 43. Rxd4 Kc6 44. e4 Be5 45. Rc4+ Kd6 46. Kd3 Ke6 47. Rc6+ Kf7 48. Ra6 Kg7 49. Ra7+ Kh6 50. Ke3 g5 51. hxg5+ fxg5 52. Ra6+ Kh5 53. Ra5 Bf4+ 54. Kd4 h6 55. e5 Bd2 56. Ra2 Bb4 57. e6 Be7 58. Kd5 Kg6 59. Ra7 Kf6 60. Ra4 Kg6 61. Kc6 Kf6 62. Kd7 Bf8 63. Ra6 Be7 64. Ra8 Bc5 65. Rh8 Kg6 66. e7 Bxe7 67. Kxe7 h5 68. Ke6 g4 69. Rg8+ Kh6 70. fxg4 h4 71. Kf6 Kh7 72. Rg7+ Kh6 73. g5+ Kh5 74. Rh7+ Kg4 75. g6 h3 76. g7 h2 77. g8=Q+ Kf3 78. Qg5 h1=Q 79. Rxh1 Ke2 80. Rh2+ Kd3 81. Qg4 Kc3 82. Rh3+ Kc2 {White ran out of time and Black has no material to mate} 1/2-1/2

[Event "FICS rated blitz game"]
[Site "FICS freechess.org"]
[FICSGamesDBGameNo "20001320"]
[White "Chessnuts"]
[Black "Ingo"]
[WhiteElo "1352"]
[BlackElo "1405"]
[WhiteRD "na"]
[BlackRD "na"]
[TimeControl "180+0"]
[Date "1999.08.13"]
[Time "20:27:00"]
[WhiteClock "0:03:00.000"]
[BlackClock "0:03:00.000"]
[ECO "D35"]
[PlyCount "81"]
[Result "1-0"]

1. d4 e6 2. c4 d5 3. Nc3 Nf6 4. e3 Bb4 5. cxd5 exd5 6. Bb5+ c6 7. Bd3 c5 8. a3 cxd4 9. exd4 Bxc3+ 10. bxc3 O-O 11. Ne2 Nc6 12. O-O Re8 13. Qc2 Bg4 14. Nf4 g6 15. h3 Bd7 16. Be3 Qc7 17. Rfe1 a6 18. a4 b6 19. Rec1 Rac8 20. Bxa6 Ra8 21. Bb5 Ra5 22. Bxc6 Bxc6 23. Bd2 Ne4 24. c4 Nxd2 25. Qxd2 dxc4 26. Rxc4 b5 27. Rc5 Rxa4 28. Rxa4 bxa4 29. g3 Rd8 30. Rc4 a3 31. Qa2 Ra8 32. Rc3 g5 33. Nd5 Bxd5 34. Rxc7 Bxa2 35. Rc5 Bb3 36. Rxg5+ Kf8 37. Rb5 a2 38. Rxb3 a1=Q+ 39. Kg2 Ra2 40. Rf3 Qe1 41. g4 {Black forfeits on time} 1-0

[Event "FICS rated blitz game"]
[Site "FICS freechess.org"]
[FICSGamesDBGameNo "20001319"]
[White "Bobbyboomer"]
[Black "topogigio"]
[WhiteElo "1910"]
[BlackElo "1781"]
[WhiteRD "na"]
[BlackRD "na"]
[TimeControl "120+12"]
[Date "1999.08.13"]
[Time "19:41:00"]
[WhiteClock "0:02:00.000"]
[BlackClock "0:02:00.000"]
[ECO "C26"]
[PlyCount "81"]
[Result "1-0"]

1. e4 e5 2. Nc3 Nf6 3. Bc4 d6 4. d3 Be7 5. Nge2 O-O 6. O-O Be6 7. Bb3 Nc6 8. f4 exf4 9. Nxf4 Bxb3 10. axb3 Nd4 11. Be3 Ne6 12. Nfe2 Ng4 13. Bd2 Bg5 14. Ng3 Ne3 15. Bxe3 Bxe3+ 16. Kh1 Nd4 17. Nd5 Bg5 18. c3 Nc6 19. Nh5 Ne5 20. d4 Ng6 21. Qf3 c6 22. Ne3 Bxe3 23. Qxe3 Qh4 24. Ng3 Rae8 25. Rxa7 Re7 26. Qf3 Rd7 27. Nf5 Qd8 28. g3 Qb6 29. Ra3 c5 30. d5 c4 31. b4 Ne5 32. Qf4 Nd3 33. Qg5 f6 34. Qd2 Re8 35. Qe2 Rdd8 36. Nd4 Re5 37. Ne6 Re8 38. b3 Nf2+ 39. Qxf2 Qxf2 40. Rxf2 Rxe4 41. bxc4 {Black resigns} 1-0

[Event "FICS rated blitz game"]
[Site "FICS freechess.org"]
[FICSGamesDBGameNo "20001318"]
[White "baalzebul"]
[Black "src"]
[WhiteElo "1215"]
[BlackElo "1278"]
[WhiteRD "na"]
[BlackRD "na"]
[TimeControl "180+13"]
[Date "1999.08.13"]
[Time "18:09:00"]
[WhiteClock "0:03:00.000"]
[BlackClock "0:03:00.000"]
[ECO "A28"]
[PlyCount "123"]
[Result "1-0"]

1. c4 e5 2. Nc3 Nf6 3. Nf3 Nc6 4. e3 Be7 5. d4 exd4 6. Nxd4 Nxd4 7. Qxd4 O-O 8. g3 d6 9. Bg2 c6 10. O-O Be6 11. b3 Qd7 12. Re1 c5 13. Qd2 Rad8 14. Bb2 Bh3 15. Bh1 b6 16. Rad1 Qg4 17. Nd5 Nxd5 18. Qxd5 Qe6 19. Qd3 Bf6 20. Bxf6 Qxf6 21. Rd2 Rfe8 22. Qd5 Re7 23. Qf3 Qxf3 24. Bxf3 g6 25. Red1 Red7 26. Bc6 Rc7 27. Rxd6 Rxd6 28. Rxd6 Kg7 29. Bg2 Bf5 30. e4 Bd7 31. f4 b5 32. Bf1 b4 33. e5 Be6 34. Bg2 h6 35. Kf2 g5 36. Ke3 gxf4+ 37. gxf4 Bf5 38. Be4 Bh3 39. Rc6 Rxc6 40. Bxc6 f6 41. Be4 Kf7 42. Bd5+ Ke7 43. Ke4 Bg2+ 44. Kf5 Bh3+ 45. Kg6 fxe5 46. fxe5 Bd7 47. Kxh6 a5 48. Kg5 a4 49. h4 axb3 50. axb3 Bh3 51. h5 Bf1 52. Be4 Kf7 53. h6 Bh3 54. Bg6+ Kg8 55. Kf6 Bf1 56. e6 Bg2 57. e7 Bc6 58. e8=Q+ Bxe8 59. Bxe8 Kh8 60. Bg6 Kg8 61. Ke6 Kf8 62. Kd6 {Black resigns} 1-0

[Event "FICS rated blitz game"]
[Site "FICS freechess.org"]
[FICSGamesDBGameNo "20001317"]
[White "Miceal"]
[Black "KHammett"]
[WhiteElo "1454"]
[BlackElo "1272"]
[WhiteRD "na"]
[BlackRD "na"]
[TimeControl "300+0"]
[Date "1999.08.13"]
[Time "17:09:00"]
[WhiteClock "0:05:00.000"]
[BlackClock "0:05:00.000"]
[ECO "B06"]
[PlyCount "119"]
[Result "1-0"]

1. d4 g6 2. e4 Bg7 3. e5 d6 4. Nf3 dxe5 5. d5 Bg4 6. Be2 Bxf3 7. Bxf3 Nf6 8. d6 exd6 9. Bxb7 Nbd7 10. Bxa8 Qxa8 11. O-O O-O 12. Nc3 Nc5 13. a3 Ne6 14. b4 Nh5 15. Qe2 Nef4 16. Qf3 Qxf3 17. gxf3 Nh3+ 18. Kg2 N5f4+ 19. Bxf4 Nxf4+ 20. Kh1 e4 21. fxe4 Bxc3 22. Rad1 Bb2 23. a4 Ba3 24. b5 Bc5 25. c4 Re8 26. f3 f5 27. Rde1 fxe4 28. Rxe4 Rxe4 29. fxe4 Ne2 30. Re1 Nc3 31. e5 dxe5 32. Rxe5 Bd6 33. Re8+ Kf7 34. Ra8 Nxa4 35. Rxa7 Nc5 36. b6 Ke6 37. bxc7 Bxc7 38. Rxc7 Nd7 39. c5 h5 40. c6 Nc5 41. Rg7 Kf6 42. c7 Ne6 43. c8=Q Nxg7 44. Qc6+ Kf5 45. Qd7+ Ne6 46. Kg2 Kf6 47. h4 Nf4+ 48. Kf1 Ke5 49. Qc7+ Ke4 50. Qc6+ Ke5 51. Qc3+ Kf5 52. Kf2 Kg4 53. Qg3+ Kf5 54. Qg5+ Ke4 55. Kg3 Ne2+ 56. Kf2 Nf4 57. Qe7+ Kf5 58. Qf7+ Ke4 59. Qc4+ Kf5 60. Kf3 {Black forfeits on time} 1-0

[Event "FICS rated blitz game"]
[Site "FICS freechess.org"]
[FICSGamesDBGameNo "20001316"]
[White "Manfred"]
[Black "chambesy"]
[WhiteElo "1882"]
[BlackElo "1944"]
[WhiteRD "na"]
[BlackRD "na"]
[TimeControl "120+4"]
[Date "1999.08.13"]
[Time "16:57:00"]
[WhiteClock "0:02:00.000"]
[BlackClock "0:02:00.000"]
[ECO "A05"]
[PlyCount "48"]
[Result "0-1"]

1. Nf3 Nf6 2. g3 g6 3. b4 Bg7 4. Bb2 O-O 5. Bg2 Nc6 6. b5 Nb4 7. a3 Nbd5 8. c4 Nb6 9. d3 d6 10. O-O c5 11. a4 a5 12. Nbd2 d5 13. cxd5 Nbxd5 14. Nc4 b6 15. Nfe5 Bb7 16. Qb3 Rb8 17. e4 Nb4 18. Rad1 e6 19. d4 Qe7 20. d5 exd5 21. exd5 Nfxd5 22. Rfe1 Qc7 23. Ng4 Bxb2 24. Qxb2 f6 {White forfeits on time} 0-1

[Event "FICS rated standard game"]
[Site "FICS freechess.org"]
[FICSGamesDBGameNo "20001315"]
[White "RFran"]
[Black "LitEyes"]
[WhiteElo "1443"]
[BlackElo "1638"]
[WhiteRD "na"]
[BlackRD "na"]
[TimeControl "2400+12"]
[Date "1999.08.13"]
[Time "16:42:00"]
[WhiteClock "0:40:00.000"]
[BlackClock "0:40:00.000"]
[ECO "B20"]
[PlyCount "58"]
[Result "0-1"]

1. e4 c5 2. c4 e5 3. Nc3 Nf6 4. Nf3 d6 5. d3 Be7 6. Be2 O-O 7. h3 Nc6 8. Bg5 Be6 9. Bh4 Nxe4 10. Bxe7 Nxc3 11. Bxd8 Nxd1 12. Bxd1 Raxd8 13. O-O Nb4 14. Be2 f6 15. a3 Nc6 16. Nd2 Nd4 17. Bd1 d5 18. b3 dxc4 19. dxc4 Ne2+ 20. Bxe2 Rxd2 21. Bf3 b6 22. Rad1 Rfd8 23. Rb1 Bf5 24. Rbe1 Bd3 25. Be2 Bxe2 26. Rxe2 Rxe2 27. Kh2 Rdd2 28. Kg3 Rb2 29. Kf3 Rec2 {White resigns} 0-1

[Event "FICS rated blitz game"]
[Site "FICS freechess.org"]
[FICSGamesDBGameNo "20001314"]
[White "siege"]
[Black "Lerxt"]
[WhiteElo "1385"]
[BlackElo "1397"]
[WhiteRD "na"]
[BlackRD "na"]
[TimeControl "180+12"]
[Date "1999.08.13"]
[Time "16:19:00"]
[WhiteClock "0:03:00.000"]
[BlackClock "0:03:00.000"]
[ECO "C46"]
[PlyCount "127"]
[Result "1-0"]

1. e4 e5 2. Nf3 d6 3. Nc3 Nc6 4. d4 exd4 5. Nxd4 Ne5 6. f4 Ng4 7. h3 Qh4+ 8. Kd2 Nf2 9. Nf3 Qxf4+ 10. Ke2 Nxd1 11. Bxf4 Nxc3+ 12. bxc3 Nf6 13. Ke3 d5 14. e5 Ne4 15. c4 Bc5+ 16. Ke2 dxc4 17. Be3 Ng3+ 18. Kd2 Bxe3+ 19. Kxe3 Nxh1 20. Bxc4 Ng3 21. Kf4 Nh5+ 22. Kg5 g6 23. g4 Ng3 24. Rg1 Ne4+ 25. Kh6 Be6 26. Bxe6 fxe6 27. Nd4 Nc5 28. Nb5 O-O-O 29. Nxa7+ Kb8 30. Nb5 c6 31. Nd6 Kc7 32. Nf7 Ne4 33. Nxh8 Rxh8 34. Kg7 Rd8 35. Kxh7 g5 36. Kg7 Rd5 37. Kf7 Rxe5 38. Rd1 Nc3 39. Rd3 Nxa2 40. Kf6 Re2 41. Kxg5 Nb4 42. Rf3 Nxc2 43. h4 Kd6 44. h5 Nd4 45. Rd3 Ke5 46. h6 Rf2 47. h7 Rf8 48. Rh3 Rh8 49. Kg6 Nf3 50. Rxf3 b5 51. Kg7 Rxh7+ 52. Kxh7 b4 53. g5 c5 54. g6 c4 55. g7 c3 56. g8=Q c2 57. Qg7+ Ke4 58. Rf1 b3 59. Qg4+ Kd3 60. Qg3+ Ke2 61. Rf2+ Kd1 62. Qf3+ Kc1 63. Qxb3 e5 64. Qxc2# {Black checkmated} 1-0

[Event "FICS rated standard game"]
[Site "FICS freechess.org"]
[FICSGamesDBGameNo "20001313"]
[White "minirecif"]
[Black "openfile"]
[WhiteElo "1446"]
[BlackElo "1656"]
[WhiteRD "na"]
[BlackRD "na"]
[TimeControl "540+10"]
[Date "1999.08.13"]
[Time "15:59:00"]
[WhiteClock "0:09:00.000"]
[BlackClock "0:09:00.000"]
[ECO "D00"]
[PlyCount "43"]
[Result "0-1"]

1. e4 d5 2. d4 dxe4 3. Nc3 Nf6 4. Bc4 Nc6 5. Bb5 Bd7 6. d5 Nb4 7. Qe2 Nfxd5 8. Nxd5 Nxd5 9. Bg5 h6 10. Bh4 g5 11. Bg3 Bg7 12. O-O-O Bxb5 13. Qxb5+ c6 14. Qc4 O-O 15. Ne2 b5 16. Qxc6 Nb4 17. Qxb5 Bxb2+ 18. Kxb2 Nd3+ 19. Rxd3 exd3 20. Rd1 Rb8 21. Rxd3 Rxb5+ 22. Kc1 {White resigns} 0-1

[Event "FICS rated blitz game"]
[Site "FICS freechess.org"]
[FICSGamesDBGameNo "20001312"]
[White "Mabel"]
[Black "wolky"]
[WhiteElo "1054"]
[BlackElo "1253"]
[WhiteRD "na"]
[BlackRD "na"]
[TimeControl "120+2"]
[Date "1999.08.13"]
[Time "15:25:00"]
[WhiteClock "0:02:00.000"]
[BlackClock "0:02:00.000"]
[ECO "C77"]
[PlyCount "35"]
[Result "1-0"]

1. e4 e5 2. Nf3 Nc6 3. Bb5 a6 4. Ba4 Nf6 5. Nc3 Bc5 6. Bxc6 dxc6 7. d3 Ng4 8. Bg5 f6 9. Be3 Bxe3 10. fxe3 Nxe3 11. Qe2 Ng4 12. O-O-O Be6 13. b3 Qe7 14. Kd2 Qb4 15. h3 Nh6 16. Qe3 O-O-O 17. Rhe1 b6 18. d4 {Black forfeits on time} 1-0

[Event "FICS rated blitz game"]
[Site "FICS freechess.org"]
[FICSGamesDBGameNo "20001311"]
[White "vessoj"]
[Black "koenigsadler"]
[WhiteElo "1796"]
[BlackElo "1933"]
[WhiteRD "na"]
[BlackRD "na"]
[TimeControl "180+0"]
[Date "1999.08.13"]
[Time "14:38:00"]
[WhiteClock "0:03:00.000"]
[BlackClock "0:03:00.000"]
[ECO "A00"]
[PlyCount "115"]
[Result "0-1"]

1. a3 g6 2. e4 Bg7 3. Bc4 Nc6 4. d3 e6 5. Nc3 Nge7 6. Nge2 O-O 7. O-O d5 8. exd5 exd5 9. Ba2 Bg4 10. f3 Bc8 11. h3 h6 12. f4 Nf5 13. Nxd5 Ncd4 14. c3 Nxe2+ 15. Qxe2 Ng3 16. Qf3 Nxf1 17. Qxf1 c6 18. Ne3 Be6 19. Bb1 Bb3 20. d4 Re8 21. f5 c5 22. dxc5 Qc7 23. fxg6 fxg6 24. Bxg6 Rf8 25. Qd3 Qxc5 26. Bd2 Rad8 27. Qe2 Rf6 28. Be4 Re6 29. Bf3 Rxd2 30. Qxd2 Qxe3+ 31. Qxe3 Rxe3 32. Rf1 b6 33. Bb7 Re2 34. Rf2 Rxf2 35. Kxf2 a5 36. Ke3 Kf7 37. g4 Ke6 38. Bc8+ Ke5 39. h4 Bf6 40. h5 Bg5+ 41. Kd3 Kf4 42. c4 Bd1 43. b4 axb4 44. axb4 Bxg4 45. Bb7 Bxh5 46. c5 Bg6+ 47. Kd4 bxc5+ 48. bxc5 Bf6+ 49. Kd5 Be4+ 50. Kd6 Bxb7 51. c6 Bxc6 52. Kxc6 h5 53. Kd6 h4 54. Ke6 h3 55. Kxf6 h2 56. Ke6 h1=Q 57. Kf6 Qd5 58. Ke7 {White forfeits on time} 0-1

[Event "FICS rated blitz game"]
[Site "FICS freechess.org"]
[FICSGamesDBGameNo "20001310"]
[White "GMgavin"]
[Black "systel"]
[WhiteElo "1853"]
[BlackElo "1834"]
[WhiteRD "na"]
[BlackRD "na"]
[TimeControl "300+0"]
[Date "1999.08.13"]
[Time "13:47:00"]
[WhiteClock "0:05:00.000"]
[BlackClock "0:05:00.000"]
[ECO "A11"]
[PlyCount "105"]
[Result "1/2-1/2"]

1. c4 c6 2. Nc3 d5 3. d3 e6 4. e3 Nf6 5. Nf3 Be7 6. g3 O-O 7. Bg2 Nbd7 8. O-O b6 9. b3 Bb7 10. Bb2 c5 11. cxd5 Nxd5 12. d4 Nxc3 13. Bxc3 cxd4 14. Bxd4 Bf6 15. Rc1 Bxd4 16. Qxd4 Rc8 17. Rcd1 Nf6 18. Qxd8 Rfxd8 19. Rxd8+ Rxd8 20. Rc1 Rc8 21. Rxc8+ Bxc8 22. Ne5 Kf8 23. Nc6 a6 24. Nb8 Ke7 25. Bf1 b5 26. a4 bxa4 27. bxa4 Kd6 28. Nxa6 Bxa6 29. Bxa6 Kc5 30. Kf1 Kb4 31. Bb5 Ne4 32. Be8 f6 33. Bf7 Nc5 34. Bg8 h6 35. f4 Kxa4 36. Ke2 Kb4 37. h4 Kb5 38. Kf3 Kc6 39. e4 Kd7 40. Bf7 Ke7 41. Bg6 Nd7 42. h5 e5 43. Bf5 exf4 44. Bxd7 Kxd7 45. gxf4 Ke6 46. Ke3 Kf7 47. f5 Ke7 48. Kd3 Kd7 49. Kc4 Kc6 50. Kd3 Kd7 51. Ke3 Ke7 52. Kd3 Kd7 53. Kc3 {Game drawn by repetition} 1/2-1/2

[Event "FICS rated blitz game"]
[Site "FICS freechess.org"]
[FICSGamesDBGameNo "20001309"]
[White "imslo"]
[Black "pesao"]
[WhiteElo "1914"]
[BlackElo "2103"]
[WhiteRD "na"]
[BlackRD "na"]
[TimeControl "300+0"]
[Date "1999.08.13"]
[Time "12:59:00"]
[WhiteClock "0:05:00.000"]
[BlackClock "0:05:00.000"]
[ECO "A00"]
[PlyCount "78"]
[Result "0-1"]

1. b4 e5 2. Bb2 Bxb4 3. Bxe5 Nf6 4. c4 Nc6 5. Bb2 O-O 6. a3 Ba5 7. Nf3 d5 8. e3 Bf5 9. cxd5 Nxd5 10. Be2 Qd7 11. O-O Bg6 12. Qb3 Rad8 13. d4 Bb6 14. Nc3 Nf6 15. Rfd1 Ne7 16. a4 c6 17. Ba3 Rfe8 18. Ne5 Qe6 19. Bc4 Ned5 20. Nxg6 hxg6 21. Nxd5 cxd5 22. Bb5 Ne4 23. Bxe8 Rxe8 24. Bb4 Bc7 25. Be1 Qd6 26. f4 Qe6 27. Rdc1 Bd6 28. Ra2 g5 29. g3 Re7 30. fxg5 Nxg5 31. Bf2 g6 32. Rac2 Qe4 33. Rc8+ Kg7 34. Qc2 Nh3+ 35. Kf1 Qh1+ 36. Ke2 Qxh2 37. Rf1 Bxg3 38. Kf3 Ng5+ 39. Ke2 Ne4 {White forfeits on time} 0-1

[Event "FICS rated blitz game"]
[Site "FICS freechess.org"]
[FICSGamesDBGameNo "20001308"]
[White "QueenDream"]
[Black "bondra"]
[WhiteElo "1716"]
[BlackElo "1788"]
[WhiteRD "na"]
[BlackRD "na"]
[TimeControl "180+0"]
[Date "1999.08.13"]
[Time "11:12:00"]
[WhiteClock "0:03:00.000"]
[BlackClock "0:03:00.000"]
[ECO "A16"]
[PlyCount "102"]
[Result "0-1"]

1. c4 Nf6 2. g3 g6 3. Bg2 Bg7 4. Nc3 c6 5. d4 d5 6. b3 O-O 7. Nf3 Bf5 8. O-O Ne4 9. Bb2 Nd7 10. Nh4 Ndf6 11. Nxf5 gxf5 12. f3 Nxc3 13. Bxc3 Kh8 14. e4 fxe4 15. fxe4 dxe4 16. Qe2 Qb6 17. Rad1 Rad8 18. Kh1 a5 19. Rf4 Rd7 20. Bh3 Rdd8 21. Bf5 e6 22. Bh3 Rd7 23. Qf2 Nh5 24. Bxe6 Nxf4 25. Bxd7 Nd3 26. Qe3 Rd8 27. Bf5 Bxd4 28. Bxd4+ Qxd4 29. Qxd4+ Rxd4 30. Rf1 e3 31. Kg2 e2 32. Bxd3 Rxd3 33. Re1 Rd2 34. Kf2 Rxa2 35. Rxe2 Rxe2+ 36. Kxe2 Kg7 37. Ke3 Kf6 38. Kd4 b6 39. c5 b5 40. Kc3 Kg5 41. h3 f5 42. Kd3 f4 43. gxf4+ Kxf4 44. h4 Kg4 45. Ke4 Kxh4 46. Ke5 a4 47. Kd6 axb3 48. Kxc6 b2 49. Kxb5 b1=Q+ 50. Kc6 Kg3 51. Kd7 Qf5+ {White forfeits on time} 0-1

[Event "FICS rated lightning game"]
[Site "FICS freechess.org"]
[FICSGamesDBGameNo "20001307"]
[White "zebesch"]
[Black "rozen"]
[WhiteElo "1714"]
[BlackElo "1878"]
[WhiteRD "na"]
[BlackRD "na"]
[TimeControl "60+2"]
[Date "1999.08.13"]
[Time "08:55:00"]
[WhiteClock "0:01:00.000"]
[BlackClock "0:01:00.000"]
[ECO "B87"]
[PlyCount "100"]
[Result "0-1"]

1. e4 c5 2. Nf3 d6 3. d4 cxd4 4. Nxd4 Nf6 5. Nc3 a6 6. Bc4 e6 7. O-O b5 8. Bb3 Be7 9. Re1 Qc7 10. Bg5 Nc6 11. Bxf6 Bxf6 12. Nd5 exd5 13. exd5+ Ne5 14. f4 Qc5 15. Kh1 O-O 16. fxe5 Bxe5 17. Nc6 Bxb2 18. Rb1 Bf6 19. Re4 Bb7 20. Ne7+ Kh8 21. Qh5 Rae8 22. Rbe1 Rxe7 23. Rxe7 Bxe7 24. Rxe7 Qc3 25. h3 Bc8 26. Rxf7 Qe1+ 27. Kh2 Qe8 28. Rxf8+ Qxf8 29. Qf3 Qxf3 30. gxf3 Bf5 31. h4 Kg8 32. Kg3 Kf7 33. Kf4 Kf6 34. c3 h6 35. Bd1 g5+ 36. hxg5+ hxg5+ 37. Ke3 Ke5 38. Bb3 Bc8 39. a3 Bb7 40. Kd3 Bxd5 41. Bxd5 Kxd5 42. Ke3 Kc4 43. Ke4 Kxc3 44. Kd5 Kb3 45. Kxd6 Kxa3 46. Ke5 b4 47. Kf5 b3 48. Kxg5 b2 49. f4 b1=Q 50. f5 Qg1+ {White resigns} 0-1

[Event "FICS rated blitz game"]
[Site "FICS freechess.org"]
[FICSGamesDBGameNo "20001306"]
[White "rup"]
[Black "Hums"]
[WhiteElo "1593"]
[BlackElo "1361"]
[WhiteRD "na"]
[BlackRD "na"]
[TimeControl "180+0"]
[Date "1999.08.13"]
[Time "07:22:00"]
[WhiteClock "0:03:00.000"]
[BlackClock "0:03:00.000"]
[ECO "A00"]
[PlyCount "62"]
[Result "0-1"]

1. g3 e5 2. Bg2 d5 3. e4 d4 4. d3 Nf6 5. Ne2 Bb4+ 6. Bd2 Qd6 7. O-O O-O 8. f4 exf4 9. Bxf4 Qd7 10. a3 Bd6 11. Nd2 Nc6 12. Nc4 Bxf4 13. Rxf4 Nh5 14. Rf2 Ne7 15. Ne5 Qe6 16. Nf3 c5 17. Qd2 Nf6 18. Raf1 Ng4 19. Bh3 Qg6 20. Bxg4 Qxg4 21. Ne5 Qe6 22. Nc4 b5 23. Na5 Qb6 24. Nf4 Bg4 25. h3 Bc8 26. Nh5 g6 27. Nf4 Ba6 28. b4 c4 29. dxc4 bxc4 30. Nd5 Nxd5 31. exd5 c3 {White forfeits on time} 0-1

[Event "FICS rated blitz game"]
[Site "FICS freechess.org"]
[FICSGamesDBGameNo "20001305"]
[White "PlayItAgain"]
[Black "vieque"]
[WhiteElo "918"]
[BlackElo "1467"]
[WhiteRD "na"]
[BlackRD "na"]
[TimeControl "120+12"]
[Date "1999.08.13"]
[Time "06:10:00"]
[WhiteClock "0:02:00.000"]
[BlackClock "0:02:00.000"]
[ECO "A00"]
[PlyCount "76"]
[Result "0-1"]

1. b4 d5 2. b5 e5 3. b6 axb6 4. Bb2 Nd7 5. e3 c6 6. d4 e4 7. Qe2 Ngf6 8. f4 Bd6 9. Nc3 c5 10. O-O-O O-O 11. h3 c4 12. g4 Bb4 13. g5 Ne8 14. g6 fxg6 15. h4 Ndf6 16. h5 Nxh5 17. Rxh5 gxh5 18. Qxh5 Nf6 19. Qe5 Bg4 20. Rd2 h6 21. Rg2 Bd6 22. Qxd6 Qxd6 23. a3 Qd7 24. Rg3 b5 25. Nge2 Ra7 26. Kb1 Rfa8 27. Na2 b6 28. Nec3 Ra5 29. Be2 Bxe2 30. Nxe2 R8a7 31. Rg6 Qh3 32. Rg3 Qf1+ 33. Nec1 c3 34. Bxc3 Rxa3 35. Kb2 Qc4 36. Bb4 Rxa2+ 37. Nxa2 Rxa2+ 38. Kb1 Qxc2# {White checkmated} 0-1

[Event "FICS rated blitz game"]
[Site "FICS freechess.org"]
[FICSGamesDBGameNo "20001304"]
[White "DimaK"]
[Black "mjq"]
[WhiteElo "1378"]
[BlackElo "1349"]
[WhiteRD "na"]
[BlackRD "na"]
[TimeControl "300+0"]
[Date "1999.08.12"]
[Time "23:37:00"]
[WhiteClock "0:05:00.000"]
[BlackClock "0:05:00.000"]
[ECO "C42"]
[PlyCount "162"]
[Result "0-1"]

1. e4 e5 2. Nf3 Nf6 3. Nxe5 d6 4. Nf3 Nxe4 5. Qe2 Qe7 6. d3 Nf6 7. Qxe7+ Bxe7 8. Bg5 Nbd7 9. Be2 Nd5 10. Bxe7 Nxe7 11. O-O O-O 12. Nc3 b6 13. d4 Bb7 14. Bc4 d5 15. Bb5 c6 16. Ba4 Nf5 17. g4 b5 18. gxf5 bxa4 19. Nxa4 g6 20. fxg6 fxg6 21. Ng5 Rf5 22. Nh3 Ba6 23. Rfe1 Nf6 24. Nc5 Bc4 25. b3 Bb5 26. Nb7 a5 27. Nd6 Rh5 28. Nxb5 cxb5 29. Nf4 Rg5+ 30. Kf1 Ne4 31. Nxd5 Rxd5 32. Rxe4 Rad8 33. Rd1 Kg7 34. c4 bxc4 35. bxc4 R5d6 36. d5 h5 37. Rb1 Kh6 38. Rb5 a4 39. Ra5 Rb8 40. Rxa4 Rb1+ 41. Kg2 g5 42. Re6+ Rxe6 43. dxe6 Re1 44. Ra6 Kg7 45. a4 Kf6 46. e7+ Kxe7 47. Ra5 Rc1 48. Rxg5 Rxc4 49. Rxh5 Rxa4 50. Kg3 Kf7 51. f3 Kg6 52. Rh4 Ra5 53. Rg4+ Kf6 54. h4 Rh5 55. Kf4 Rf5+ 56. Kg3 Rh5 57. Rf4+ Kg6 58. Kg4 Rc5 59. Re4 Kf6 60. h5 Rg5+ 61. Kh4 Rf5 62. Re3 Rf4+ 63. Kg3 Rf5 64. Kg4 Rg5+ 65. Kh4 Rf5 66. Rc3 Rf4+ 67. Kg3 Rf5 68. Kg4 Rg5+ 69. Kh4 Rf5 70. Rc6+ Kf7 71. Kg4 Rd5 72. f4 Rd4 73. Kg5 Ke7 74. f5 Rd8 75. Re6+ Kf7 76. h6 Rh8 77. Rf6+ Ke7 78. Kg6 Rg8+ 79. Kh7 Rg5 80. Rg6 Rxf5 81. Kg8 Rf8+ {White forfeits on time} 0-1

[Event "FICS rated blitz game"]
[Site "FICS freechess.org"]
[FICSGamesDBGameNo "20001303"]
[White "KuKanaka"]
[Black "bigf"]
[WhiteElo "1251"]
[BlackElo "1199"]
[WhiteRD "na"]
[BlackRD "na"]
[TimeControl "120+12"]
[Date "1999.08.12"]
[Time "18:06:00"]
[WhiteClock "0:02:00.000"]
[BlackClock "0:02:00.000"]
[ECO "C30"]
[PlyCount "85"]
[Result "1-0"]

1. e4 e5 2. f4 f6 3. Nf3 exf4 4. d4 Bb4+ 5. c3 Ba5 6. Bxf4 g5 7. Bg3 Qe7 8. Nbd2 Nc6 9. Be2 d6 10. O-O Bg4 11. Nc4 Bb6 12. Nxb6 axb6 13. h3 Bh5 14. Bd3 Qe6 15. Re1 Nce7 16. Kh2 O-O-O 17. d5 Qf7 18. Qa4 Bxf3 19. Qa8+ Kd7 20. Bb5+ c6 21. Qxb7+ Ke8 22. Bxc6+ Nxc6 23. Qxc6+ Qd7 24. Qxd7+ Rxd7 25. gxf3 Nh6 26. a4 Kf7 27. a5 bxa5 28. Rxa5 Kg6 29. Ra6 Nf7 30. b4 Rc8 31. Rc1 Ne5 32. Bxe5 fxe5 33. Kg3 h5 34. b5 Rc5 35. b6 Rb7 36. c4 Kf6 37. h4 Kg6 38. Rb1 Rxc4 39. Ra7 Rxa7 40. bxa7 Ra4 41. Rb7 Ra3 42. Rd7 gxh4+ 43. Kxh4 {Black resigns} 1-0

[Event "FICS rated blitz game"]
[Site "FICS freechess.org"]
[FICSGamesDBGameNo "20001302"]
[White "Killerman"]
[Black "special"]
[WhiteElo "1717"]
[BlackElo "1303"]
[WhiteRD "na"]
[BlackRD "na"]
[TimeControl "600+0"]
[Date "1999.08.12"]
[Time "15:44:00"]
[WhiteClock "0:10:00.000"]
[BlackClock "0:10:00.000"]
[ECO "B01"]
[PlyCount "55"]
[Result "1-0"]

1. e4 d5 2. exd5 Nf6 3. Bb5+ Bd7 4. Bc4 b5 5. Bb3 a5 6. a3 a4 7. Ba2 c6 8. Nc3 g6 9. d4 Bg7 10. Qe2 cxd5 11. Nf3 O-O 12. Nxd5 Nxd5 13. Bxd5 Bc6 14. Bxc6 Nxc6 15. c3 e5 16. dxe5 Nxe5 17. Nxe5 Bxe5 18. Qxb5 Re8 19. Be3 Ra5 20. Qc4 Qd7 21. O-O Rc8 22. Rad1 Qb7 23. Qg4 f5 24. Qh4 Rd5 25. Rxd5 Qxd5 26. Qxa4 Rb8 27. Rd1 Qa2 28. Qc6 {Black resigns} 1-0

[Event "FICS rated blitz game"]
[Site "FICS freechess.org"]
[FICSGamesDBGameNo "20001301"]
[White "amirl"]
[Black "basenji"]
[WhiteElo "1852"]
[BlackElo "1850"]
[WhiteRD "na"]
[BlackRD "na"]
[TimeControl "180+0"]
[Date "1999.08.12"]
[Time "15:41:00"]
[WhiteClock "0:03:00.000"]
[BlackClock "0:03:00.000"]
[ECO "D08"]
[PlyCount "104"]
[Result "1/2-1/2"]

1. d4 d5 2. c4 e5 3. dxe5 d4 4. Nf3 Nc6 5. e3 Bb4+ 6. Bd2 dxe3 7. fxe3 Bg4 8. Be2 Nh6 9. O-O Bxd2 10. Qxd2 Qxd2 11. Nbxd2 Bxf3 12. Bxf3 Nxe5 13. Bxb7 Rb8 14. Ba6 Rxb2 15. Nb3 O-O 16. Rfb1 Re2 17. Re1 Rc2 18. Rec1 Rb2 19. Rcb1 Rxb1+ 20. Rxb1 Nhg4 21. Nd4 Nxe3 22. Nb5 c6 23. Nxa7 N5xc4 24. Nxc6 h6 25. Kf2 Re8 26. a4 Re6 27. Bb5 Nd2 28. Re1 Ng4+ 29. Kg3 Rxe1 30. Kxg4 Ra1 31. a5 Ne4 32. a6 Nc5 33. a7 Ne6 34. Bc4 Nc7 35. Kf4 Ra6 36. Bxa6 g5+ 37. Ke5 Kg7 38. Kd6 Na8 39. Kd7 f5 40. Bb7 Nb6+ 41. Kc7 Nd5+ 42. Kd6 Nb6 43. Kc5 Nd7+ 44. Kb5 f4 45. a8=Q g4 46. Qd8 f3 47. Qxd7+ Kg6 48. Qe6+ Kh5 49. Ne5 Kg5 50. gxf3 gxf3 51. Nxf3+ Kh5 52. Qxh6+ Kxh6 {White ran out of time and Black has no material to mate} 1/2-1/2